 Dungeon Crawl Stone Soup version 0.30-a0-368-g86fb4627a9 (webtiles) character file.

Game seed: 1868443936882209814

63 KennySheep the Conjurer (level 3, -4/26 HPs)
             Began as a Demigod Conjurer on Nov 19, 2022.
             Slain by a gnoll
             ... wielding a +0 spear
              (6 damage)
             ... on level 2 of the Dungeon.
             The game lasted 00:03:47 (1750 turns).

KennySheep the Conjurer (Demigod Conjurer)          Turns: 1750, Time: 00:03:48

Health: -4/26      AC:  2    Str:  8    XL:     3   Next: 61%
Magic:  1/9        EV: 12    Int: 20    God:
Gold:   105        SH:  0    Dex: 16    Spells: 2/6 levels left

rFire   . . .      SeeInvis .    (no weapon)
rCold   . . .      Faith    .    (no shield)
rNeg    . . .      Spirit   .    a - +0 robe
rPois   .          Reflect  .    (no helmet)
rElec   .          Harm     .    (no cloak)
rCorr   .          Rampage  .    (no gloves)
Will    .....                    (no boots)
Stlth   ++........               (no amulet)
HPRegen 0.24/turn                (no ring)
MPRegen 0.11/turn                (no ring)

@: no status effects
A: high MP 1, forlorn, divine attributes
a: no special abilities


You were on level 2 of the Dungeon.
You visited 1 branch of the dungeon, and saw 2 of its levels.

You collected 105 gold pieces.

Inventory:

Armour
 a - a +0 robe (worn)
Scrolls
 c - 2 scrolls of identify {unknown}
 e - a scroll of magic mapping {unknown}
 f - 2 scrolls of enchant weapon {unknown}
Potions
 b - a potion of magic
 d - a potion of lignification {unknown}
 g - a potion of curing {unknown}
 h - a potion of degeneration {unknown}
 i - a potion of brilliance {unknown}
 j - a potion of resistance {unknown}


   Skills:
 + Level 0.1 Fighting
 + Level 0.3 Armour
 - Level 1.7 Dodging
 - Level 1.7 Stealth
 + Level 0.3 Unarmed Combat
 + Level 2.2 Spellcasting
 - Level 3.8 Conjurations
 * Level 1.1 Translocations
 * Level 1.7 Poison Magic


You had 2 spell levels left.
You knew the following spells:

 Your Spells              Type           Power      Damage    Failure   Level
a - Magic Dart            Conj           68%        1d6       3%          1
b - Searing Ray           Conj           34%        2d5       4%          2
c - Sting                 Tmut/Pois      20%        1d4       11%         1

Your spell library contained the following spells:

 Spells                   Type           Power      Damage    Failure   Level
 Poisonous Vapours        Pois/Air       10%        N/A       16%         2
 Ensorcelled Hibernation  Hex/Ice        4%         N/A       24%         2
 Dazzling Flash           Conj/Hex       18%        N/A       22%         3
 Spider Form              Tmut/Pois      5%         N/A       32%         3
 Iskenderun's Mystic Bla  Conj/Tloc      12%        2d5       50%         4
 Fulminant Prism          Conj/Hex       4%         3d5       56%         4
 Olgreb's Toxic Radiance  Pois           9%         N/A       58%         4
 Anguish                  Hex/Necr       1%         N/A       83%         4


Dungeon Overview and Level Annotations

Branches:
Dungeon (2/15)

Shops:
D:2 =


Innate Abilities, Weirdness & Mutations

You have an increased reservoir of magic. (+10% MP)
You shall have no god before yourself.
Your divine heritage dramatically boosts your attributes as you level up.


Message History

Found 15 gold pieces.
There is an open door here.
Casting: Sting (safe; 11% risk of failure)
Confirm with . or Enter, or press ? or * to list all spells.
Aiming: Sting (safe; 11% risk of failure)
Press: ? - help, Shift-Dir - straight line, f/p - gnoll
Aim: a gnoll, wielding a +0 flail (moderately wounded, 72% to hit)
The sting misses the gnoll.
Casting: Sting (safe; 11% risk of failure)
Confirm with . or Enter, or press ? or * to list all spells.
Aiming: Sting (safe; 11% risk of failure)
Press: ? - help, Shift-Dir - straight line, f/p - gnoll
Aim: a gnoll, wielding a +0 flail (moderately wounded, 72% to hit)
The sting hits the gnoll but does no damage.
The gnoll is poisoned.
The gnoll is moderately wounded.
The gnoll hits you with a +0 flail.
Casting: Sting (safe; 11% risk of failure)
Confirm with . or Enter, or press ? or * to list all spells.
Aiming: Sting (safe; 11% risk of failure)
Press: ? - help, Shift-Dir - straight line, f/p - gnoll
Aim: a gnoll, wielding a +0 flail (heavily wounded, poisoned, 72% to hit)
The sting misses the gnoll.
The sting hits the gnoll.
The gnoll is poisoned.
The gnoll is severely wounded.
The gnoll closely misses you. The gnoll attacks as you move away!
The gnoll hits you with a +0 flail!
* * * LOW HITPOINT WARNING * * *
Casting: Sting (safe; 11% risk of failure)
Confirm with . or Enter, or press ? or * to list all spells.
Aiming: Sting (safe; 11% risk of failure)
Press: ? - help, Shift-Dir - straight line, f - gnoll, p - gnoll
Aim: a gnoll, wielding a +0 spear (severely wounded, poisoned, 72% to hit)
The sting misses the gnoll.
The sting hits the gnoll but does no damage.
The gnoll looks even sicker.
The gnoll is severely wounded.
The gnoll hits you with a +0 flail.
* * * LOW HITPOINT WARNING * * *
The gnoll hits you from afar with a +0 spear.
You die...

#. ################### #.#
#.g@..............# ###.####
#g###############.# #......# #.#
######.# #......# #.# #...##.#
#......###.#.# #<..##.#
###......'...#.#..#######...##.#
.........#####.#.....<.......#.##
##.#........#.##.###.###........
#.#.######.#.# #..............


You could see 2 gnolls.

Vanquished Creatures
  2 gnolls (D:2)
  2 dart slugs
  3 bats
  6 endoplasms
  3 giant cockroaches
  3 goblins (D:1)
  2 hobgoblins
  3 quokkas (D:1)
  6 ball pythons (D:1)
  A frilled lizard (D:1)
  5 rats
36 creatures vanquished.

Notes
Turn   | Place    | Note
-------+----------+-------------------------------------------
     0 | D:1      | KennySheep the Demigod Conjurer began the quest for the
                  | Orb.
     0 | D:1      | Reached XP level 1. HP: 14/14 MP: 5/5
   242 | D:1      | Reached XP level 2. HP: 20/20 MP: 5/7
   245 | D:1      | Learned a level 2 spell: Searing Ray
   404 | D:1      | Learned a level 1 spell: Sting
   798 | D:1      | Reached skill level 1 in Poison Magic
  1369 | D:2      | Reached XP level 3. HP: 26/26 MP: 5/8
  1544 | D:2      | Found Ocakh's Jewellery Shop.
  1704 | D:2      | Reached skill level 1 in Translocations
  1750 | D:2      | Slain by a gnoll

Illustrated notes

Levels and vault maps discovered:
D:1:      dpeg_arrival_lava_temple_mockup, layout_basic,
          chequers_serial_rivers_small_b, kennysheep_boxes
D:2:      layout_basic, serial_shops, nicolae_shop_crystal,
          hellmonk_ecumenical_altar_lost_god, kennysheep_minor_cross,
          amcnicky_mini_pool_small, skrybe_limestone_x, uniq_robin, uniq_jessica

Skill      XL: |  1  2  3 |
---------------+----------+-----
Spellcasting   | 2 |  2.2
Poison Magic   | 1 |  1.7
Translocations | 1 |  1.1
Fighting       | |  0.1
Armour         | |  0.3
Dodging        | |  1.7
Stealth        | |  1.7
Unarmed Combat | |  0.3
Conjurations   | |  3.8

Action                   || total
-------------------------++-------
Melee: Unarmed           ||     7
 Cast: Magic Dart        ||    77
       Sting             ||     6
       Searing Ray       ||     1
Armor: Robe              ||     2
Dodge: Dodged            ||    12

Table legend: (Time is in decaauts)
 A = Elapsed time spent in this place.
 B = Non-inter-level travel time spent in this place.
 C = Inter-level travel time spent in this place.
 D = Time resting spent in this place.
 E = Time spent auto-exploring this place.
 F = Levels seen in this place.
 G = Mean time per level.
                   A        B        C        D        E       F      G
               +--------+--------+--------+--------+--------+-----+--------+
         Total |   1771 |   1751 |     20 |     49 |   1482 |   2 |  885.5 |
       Dungeon |   1771 |   1751 |     20 |     49 |   1482 |   2 |  885.5 |
               +--------+--------+--------+--------+--------+-----+--------+

Top non-repeatable levels by time:
     D:1: 1380 daAuts
     D:2: 390 daAuts
